 Dungeon Crawl Stone Soup version 0.32-a0-361-g289a535e89 (webtiles) character file.

Game seed: 3288265206078133124

1123 cforsyth the Trooper (level 8, -1/62 HPs)
             Began as a Djinni Fire Elementalist on Feb 18, 2024.
             Slain by an orc
             ... wielding a +0 trident
              (3 damage)
             ... on level 6 of the Dungeon.
             The game lasted 00:06:43 (4856 turns).

cforsyth the Trooper (Djinni Fire Elementalist)     Turns: 4856, Time: 00:06:44

Health: -1/62      AC:  4    Str:  7    XL:     8   Next: 61%
Gold:   338        EV: 12    Int: 18    God:
                   SH:  0    Dex: 15

rFire   + + +        a - staff of fire {!a}
rCold   . . .        (no shield)
rNeg    . . .        c - +0 robe
rPois   ∞            r - +1 helmet
rElec   .            (no cloak)
rCorr   .            (no gloves)
SInv    .            (boots unavailable)
Will    .....        j - amulet of regeneration
Stlth   ++           C - ring of ice
HPRegen 0.30/turn    f - ring of protection from fire
MPRegen 0.00/turn

%: infuse magic (-2 HP)
@: about to teleport, flying
A: sickness immunity, fire resistance 2, cold vulnerability 1, float, innate
caster, HP casting, extra vitality 1
a: no special abilities


You were on level 6 of the Dungeon.
You visited 1 branch of the dungeon, and saw 6 of its levels.

You collected 338 gold pieces.


Innate Abilities, Weirdness & Mutations

You are immune to sickness and miasma.
You are immune to poison.
Your flesh is very heat resistant. (rF++)
You are vulnerable to cold. (rC-)
You float through the air rather than walking.
You learn spells naturally, not from books.
Your magical power is your life essence.
You have superior vitality. (+4 MHP)


   Skills:
 + Level 6.8 Fighting
 - Level 2.1 Dodging
 - Level 1.5 Stealth
 + Level 6.0 Spellcasting
 + Level 6.0 Conjurations
 + Level 6.0 Hexes
 + Level 6.0 Summonings
 + Level 6.0 Necromancy
 + Level 6.0 Translocations
 + Level 6.0 Fire Magic
 + Level 6.0 Ice Magic
 + Level 6.0 Air Magic
 + Level 6.0 Earth Magic
 + Level 6.0 Alchemy


You knew the following spells:

 Your Spells              Type           Power      Damage    Failure   Level
f - Foxfire               Conj/Fire      100%       2x1d9     1%          1
g - Gell's Gravitas       Tloc           27%        N/A       3%          3
m - Magic Dart            Conj           100%       1d8       1%          1
r - Inner Flame           Hex/Fire       40%        N/A       3%          3
s - Searing Ray           Conj           54%        2d6       1%          2
X - Scorch                Fire           80%        2d8       1%          2
Y - Volatile Blastmotes   Fire/Tloc      80%        2d16      3%          3
Z - Flame Wave            Conj/Fire      40%        2d11      10%         4
Your spell library was empty.

Inventory:

Armour
 c - a +0 robe (worn)
 r - a +1 helmet (worn)
Magical Staves
 a - a staff of fire (weapon) {!a}
Jewellery
 f - a ring of protection from fire (right hand)
 j - an amulet of regeneration (around neck)
 q - a ring of fire
 C - a ring of ice (left hand)
 F - a ring of fire
Wands
 k - a wand of flame (23)
Scrolls
 d - 3 scrolls of identify {@r1}
 o - a scroll of vulnerability
 p - 2 scrolls of fog
Potions
 b - 3 potions of brilliance
 g - a potion of enlightenment {unknown}
 h - 4 potions of degeneration {unknown}
 i - 3 potions of attraction {unknown}
 m - 2 potions of ambrosia {unknown}
 n - a potion of curing {unknown}
 t - a potion of lignification {unknown}

Dungeon Overview and Level Annotations

Branches:
Dungeon (6/15)
 Temple: D:4-7

Altars:
Ashenzari
Cheibriados
Elyvilon
Makhleb
The Shining One

Annotations:
D:5 3 runed translucent doors, yey's ghost, amateur MDFi
D:6 1 transporter, DeathSocks's ghost, weakling VSDe

.▒▒▒▒▒▒▒▒▒........##.##.#
.....©................#...
..................##.#....#
(#.....#......###.... .#
####..###.........
##.##....##...
#.........#.# #...#.......#
..)......##.@o.#
..........#..#o.#
o......###...#)o#
........#.......Y.
..#..#.............
..####...........#...
##..#.....##..# ####.. ###
..


You could see a sky beast, 2 orc wizards and an orc.


Message History

Unknown command.
Unknown command.
Casting: Scorch (safe; 1% risk of failure)
Confirm with . or Enter, or press ? or * to list all spells.
You feel a surge of power!
Flames lash the orc.
The orc is lightly wounded.
The orc's fire resistance burns away.
* * * LOW HITPOINT WARNING * * *
A sky beast comes into view.
Unknown command.
Casting: Scorch (safe; 1% risk of failure)
Confirm with . or Enter, or press ? or * to list all spells.
You feel a surge of power!
Flames lash the orc wizard.
The orc wizard is severely wounded.
The orc wizard's fire resistance burns away.
* * * LOW HITPOINT WARNING * * *
The orc wizard is no longer more vulnerable to fire.
The orc wizard barely misses you. x2
Unknown command.
Unknown command.
Casting: Scorch (safe; 1% risk of failure)
Confirm with . or Enter, or press ? or * to list all spells.
You feel a surge of power!
Flames lash the orc.
The orc is burned terribly!
You kill the orc!
* * * LOW HITPOINT WARNING * * *
The orc wizard points at you and mumbles some strange words.
The magic dart hits you!
* * * LOW HITPOINT WARNING * * *
The orc hits you from afar with a +0 trident.
You die...

Skill      XL: |  1  2  3  4  5  6  7  8 |
---------------+-------------------------+-----
Fighting       | 1 2 3 4 6 |  6.8
Spellcasting   | 4 5 6 |  6.0
Conjurations   | 4 5 6 |  6.0
Hexes          | 4 5 6 |  6.0
Summonings     | 4 5 6 |  6.0
Necromancy     | 4 5 6 |  6.0
Translocations | 4 5 6 |  6.0
Fire Magic     | 4 5 6 |  6.0
Ice Magic      | 4 5 6 |  6.0
Air Magic      | 4 5 6 |  6.0
Earth Magic    | 4 5 6 |  6.0
Alchemy        | 4 5 6 |  6.0
Dodging        | |  2.1
Stealth        | |  1.5

Action                     |  1- 3 |  4- 6 |  7- 9 || total
---------------------------+-------+-------+-------++-------
  Melee: Unarmed           |     5 |       |       ||     5
   Cast: Foxfire           |    81 |   193 |    40 ||   314
         Flame Wave        |       |     1 |       ||     1
         Scorch            |       |     6 |    18 ||    24
         Searing Ray       |       |     2 |       ||     2
  Evoke: Wand              |       |       |     1 ||     1
    Use: Scroll            |       |       |     8 ||     8
 Armour: Robe              |    11 |     4 |    21 ||    36
  Dodge: Dodged            |     6 |     2 |    18 ||    26

Levels and vault maps discovered:
D:1:      dpeg_arrival_shelter, layout_loops_ring
D:2:      layout_basic, serial_forest, infiniplex_forest_lined_3_way,
          infiniplex_forest_lined_room_2, infiniplex_forest_corner_2,
          infiniplex_forest_clump_cross, infiniplex_forest_fountain,
          infiniplex_forest_lined_3, infiniplex_forest_lined_room_3,
          infiniplex_forest_end_3, st_stairs_11, kennysheep_big_empty_room,
          nrook_mini_backslash
D:3:      layout_basic, grunt_temple_overflow_lords_of_destruction,
          nicolae_ashenzari_skybound, mainiacjoe_overflow_six_doors_small,
          minmay_misc_feat_more_columns
D:4:      layout_loops_cross, nicolae_overflow_crystal_walls
D:5:      layout_gridville, nicolae_overflow_hidden_temple,
          gammafunk_ghost_necromancy, nicolae_figureground_pulse
D:6:      layout_cave_pools, minmay_temple_entry_trees,
          chequers_ossuary_entry_cave, gammafunk_ghost_arena, st_stairs_14,
          uniq_maggie, uniq_menkaure, uniq_jeremiah

Notes
Turn   | Place    | Note
-------+----------+-------------------------------------------
     0 | D:1      | cforsyth the Djinni Fire Elementalist began the quest for
                  | the Orb.
     0 | D:1      | cforsyth set off with the following spells memorised:
                  | Foxfire, Scorch, Volatile Blastmotes, Inner Flame, Flame
                  | Wave.
     0 | D:1      | Reached XP level 1. HP: 15/15 MP: 0/0
   176 | D:1      | Reached XP level 2. HP: 21/22 MP: 0/0
   234 | D:1      | Reached skill level 1 in Fighting
   393 | D:1      | Reached XP level 3. HP: 24/27 MP: 0/0
   393 | D:1      | Learned a level 1 spell: Magic Dart
   896 | D:2      | Reached skill level 2 in Fighting
  1057 | D:2      | Reached XP level 4. HP: 31/33 MP: 0/0
  2172 | D:3      | Reached XP level 5. HP: 36/40 MP: 0/0
  2172 | D:3      | Learned a level 2 spell: Searing Ray
  2194 | D:3      | Reached skill level 3 in Fighting
  2194 | D:3      | Reached skill level 4 in Spellcasting
  2194 | D:3      | Reached skill level 4 in Conjurations
  2194 | D:3      | Reached skill level 4 in Hexes
  2194 | D:3      | Reached skill level 4 in Summonings
  2194 | D:3      | Reached skill level 4 in Necromancy
  2194 | D:3      | Reached skill level 4 in Translocations
  2194 | D:3      | Reached skill level 4 in Fire Magic
  2194 | D:3      | Reached skill level 4 in Ice Magic
  2194 | D:3      | Reached skill level 4 in Air Magic
  2194 | D:3      | Reached skill level 4 in Earth Magic
  2194 | D:3      | Reached skill level 4 in Alchemy
  2246 | D:3      | Found a broken altar of Ashenzari.
  2307 | D:3      | Found a white marble altar of Elyvilon.
  2488 | D:3      | Found a burning altar of Makhleb.
  3110 | D:4      | Reached XP level 6. HP: 43/46 MP: 0/0
  3314 | D:4      | Reached skill level 4 in Fighting
  3359 | D:4      | Found a glowing golden altar of the Shining One.
  3761 | D:5      | Entered Level 5 of the Dungeon
  3769 | D:5      | Found a runed translucent gate.
  3769 | D:5      | Found a runed translucent gate.
  3770 | D:5      | Found a runed translucent gate.
  3772 | D:5      | Noticed yey's ghost (amateur MDFi)
  3809 | D:5      | Found a snail-covered altar of Cheibriados.
  3828 | D:5      | Reached XP level 7. HP: 50/53 MP: 0/0
  3828 | D:5      | Learned a level 3 spell: Gell's Gravitas
  4039 | D:5      | Reached skill level 5 in Fighting
  4039 | D:5      | Reached skill level 5 in Spellcasting
  4039 | D:5      | Reached skill level 5 in Conjurations
  4039 | D:5      | Reached skill level 5 in Hexes
  4039 | D:5      | Reached skill level 5 in Summonings
  4039 | D:5      | Reached skill level 5 in Necromancy
  4039 | D:5      | Reached skill level 5 in Translocations
  4039 | D:5      | Reached skill level 5 in Fire Magic
  4039 | D:5      | Reached skill level 5 in Ice Magic
  4039 | D:5      | Reached skill level 5 in Air Magic
  4039 | D:5      | Reached skill level 5 in Earth Magic
  4039 | D:5      | Reached skill level 5 in Alchemy
  4210 | D:5      | Noticed a hornet
  4216 | D:5      | Killed a hornet
  4217 | D:5      | Reached skill level 6 in Fighting
  4217 | D:5      | Reached XP level 8. HP: 54/61 MP: 0/0
  4646 | D:6      | Noticed Menkaure
  4820 | D:6      | Killed Menkaure
  4824 | D:6      | Noticed a gargoyle
  4826 | D:6      | Found a transporter.
  4826 | D:6      | Noticed DeathSocks's ghost (weakling VSDe)
  4850 | D:6      | Reached skill level 6 in Spellcasting
  4850 | D:6      | Reached skill level 6 in Conjurations
  4850 | D:6      | Reached skill level 6 in Hexes
  4850 | D:6      | Reached skill level 6 in Summonings
  4850 | D:6      | Reached skill level 6 in Necromancy
  4850 | D:6      | Reached skill level 6 in Translocations
  4850 | D:6      | Reached skill level 6 in Fire Magic
  4850 | D:6      | Reached skill level 6 in Ice Magic
  4850 | D:6      | Reached skill level 6 in Air Magic
  4850 | D:6      | Reached skill level 6 in Earth Magic
  4850 | D:6      | Reached skill level 6 in Alchemy
  4856 | D:6      | HP: 2/62 [orc wizard/magic dart (7)]
  4856 | D:6      | Slain by an orc

Vanquished Creatures
  A hornet (D:5)
  Menkaure (D:6)
  A black bear (D:5)
  An ice beast (D:5)
  A phantom (D:5)
  A bullfrog (D:6)
  A scorpion (D:5)
  A howler monkey (D:4)
  A bombardier beetle (D:5)
  A crimson imp (D:3)
  A hound (D:5)
  An orc priest (D:4)
  A sleepcap (D:5)
  An orc wizard (D:4)
  3 gnolls (D:3)
  4 adders
  A shadow imp (D:5)
  2 ribbon worms
  A dart slug (D:4)
  4 orcs
  6 ball pythons
  7 bats
  7 endoplasms
  4 giant cockroaches
  7 goblins
  3 hobgoblins
  10 jackals
  4 quokkas
  A frilled lizard (D:1)
  4 kobolds
  4 rats
86 creatures vanquished.

Vanquished Creatures (collateral kills)
  5 foxfires (D:2)
5 creatures vanquished.

Vanquished Creatures (others)
  517 foxfires
517 creatures vanquished.

Grand Total: 608 creatures vanquished

Table legend: (Time is in decaauts)
 A = Elapsed time spent in this place.
 B = Non-inter-level travel time spent in this place.
 C = Inter-level travel time spent in this place.
 D = Time resting spent in this place.
 E = Time spent auto-exploring this place.
 F = Levels seen in this place.
 G = Mean time per level.
                   A        B        C        D        E       F      G
               +--------+--------+--------+--------+--------+-----+--------+
         Total |   4853 |   4758 |     95 |    113 |   3977 |   6 |  808.8 |
       Dungeon |   4853 |   4758 |     95 |    113 |   3977 |   6 |  808.8 |
               +--------+--------+--------+--------+--------+-----+--------+

Top non-repeatable levels by time:
     D:5: 1041 daAuts
     D:2: 1037 daAuts
     D:3: 957 daAuts
     D:4: 906 daAuts
     D:1: 857 daAuts
     D:6: 52 daAuts

Table legend:
 A = Non-vault XP
 B = Vault XP
 C = Vault XP percentage of total XP
 D = Non-vault monster count
 E = Vault monster count
 F = Vault count percentage of total count
                 A         B        C        D         E       F
            +---------+---------+-------+---------+---------+-------
      Total |    1381 |     228 |  14.2 |      82 |       4 |   4.7
            +---------+---------+-------+---------+---------+-------
        D:1 |      47 |       0 |   0.0 |      18 |       0 |   0.0
        D:2 |      48 |       6 |  11.1 |      14 |       2 |  12.5
        D:3 |      89 |      49 |  35.5 |      17 |       1 |   5.6
        D:4 |     214 |       0 |   0.0 |      21 |       0 |   0.0
        D:5 |     876 |       0 |   0.0 |       9 |       0 |   0.0
        D:6 |     107 |     173 |  61.8 |       3 |       1 |  25.0
            +---------+---------+-------+---------+---------+-------
